 Dungeon Crawl Stone Soup version 0.27.1-33-g824d729ab1 (webtiles) character file.

Game seed: 15797842496613252472

65 jlumianski the Skirmisher (level 4, -5/29 HPs)
             Began as a Gargoyle Monk on Dec 13, 2021.
             Slain by a gnoll (11 damage)
             ... on level 1 of the Dungeon.
             The game lasted 00:09:05 (2901 turns).

jlumianski the Skirmisher (Gargoyle Monk)           Turns: 2901, Time: 00:09:05

Health: -5/29      AC:  6    Str: 16    XL:     4   Next: 14%
Magic:  4/4        EV: 12    Int: 10    God:
Gold:   40         SH:  0    Dex: 12    Spells: 2/3 levels left

rFire    . . .     SeeInvis .   a - +0 hand axe
rCold    . . .     Faith    .   (no shield)
rNeg     + . .     Spirit   .   h - +0 leather armour
rPois    ∞         Reflect  .   (no helmet)
rElec    +         Harm     .   (no cloak)
rCorr    .         Rampage  .   (no gloves)
Will     .....                  (no boots)
Stlth    ++........             (no amulet)
HPRegen  0.09/turn              (no ring)
MPRegen  0.09/turn              (no ring)

@: no status effects
A: sickness immunity, AC +3, negative energy resistance 1, electricity
resistance, torment resistance 1, petrification resistance
a: no special abilities


You were on level 1 of the Dungeon.
You visited 1 branch of the dungeon, and saw 3 of its levels.

You collected 40 gold pieces.

Inventory:

Hand Weapons
 a - a +0 hand axe (weapon)
 l - a +1 dagger of protection
 n - a +0 hunting sling
Missiles
 d - 3 javelins (quivered)
 g - 18 poisoned darts
 p - 14 stones
Armour
 b - a +0 robe
 h - a +0 leather armour (worn)
Scrolls
 c - 2 scrolls of fog {unknown}
 e - 2 scrolls of identify {unknown}
 i - a scroll of noise {unknown}
 k - a scroll of teleportation {unknown}
Potions
 f - a potion of attraction {unknown}
 j - a potion of heal wounds {unknown}
 m - a potion of magic {unknown}
 o - a potion of brilliance {unknown}


   Skills:
 + Level 3.8 Fighting
 + Level 3.5 Axes
 + Level 0.8 Armour
 + Level 2.7 Dodging
 + Level 2.5 Stealth
 * Level 0.3 Air Magic


You had 2 spell levels left.
You knew the following spells:

 Your Spells              Type           Power      Damage    Failure   Level
a - Shock                 Conj/Air       0%         1d3       41%         1

Your spell library contained the following spells:

 Spells                   Type           Power      Damage    Failure   Level
 Swiftness                Air            0%         N/A       77%         3
 Airstrike                Air            0%         N/A       99%         4
 Animate Armour           Summ/Erth      0%         N/A       99%         4
 Blade Hands              Tmut           0%         N/A       100%        5
 Iron Shot                Conj/Erth      0%         9d1       100%        6


Dungeon Overview and Level Annotations

Branches:
Dungeon (3/15)

Altars:

Shops:
D:2 :

Annotations:
D:2 Sigmund


Innate Abilities, Weirdness & Mutations

You are immune to sickness and miasma.
Your stone body is resilient. (AC +3)
You are immune to poison.
You resist negative energy. (rN+)
You are resistant to electric shocks. (rElec)
You are resistant to unholy torment.
You are immune to petrification.


Message History

There is an open door here.
You hit the gnoll.
The gnoll is moderately wounded.
The gnoll misses you.
You closely miss the gnoll.
The gnoll is moderately wounded.
The gnoll hits you with a +0 club!
You hit the gnoll.
The gnoll is severely wounded.
The gnoll closely misses you.
You hit the gnoll.
You kill the gnoll!
You have reached level 4!
You feel stronger.
Things that are here:
a +0 club; a gnoll corpse
There is a stone staircase leading down here.
You start resting.
HP restored.
You climb downwards.
Level annotation: Sigmund The gnoll hits you with a +0 flail.
There is a stone staircase leading up here.
The gnoll hits you with a +0 flail!
You climb upwards.
There is a stone staircase leading down here.
You slash the gnoll!
The gnoll is heavily wounded.
The gnoll misses you.
You closely miss the gnoll.
The gnoll is heavily wounded.
The gnoll hits you with a +0 flail!
* * * LOW HITPOINT WARNING * * *
You barely miss the gnoll.
The gnoll is heavily wounded.
The gnoll barely misses you.
You hit the gnoll.
The gnoll is almost dead.
The gnoll hits you with a +0 flail!
You die...

###..#.# #.†#.# #..#.# #..#.#
############## #..#.#
#............####### #..#.#
#............'......
###..#.#######............#######
..................#######.# #
................@.# #.# #
###+##.#..#......g# #.# #
.....#.#..#.......# #.# #
##........#.......# #.#######
.....#.##.#.......#######..).....
#....#..............)......######
#....#..#.######.#########.#
.....................# #.#
#.#.##..#####.##.###.# #.#


You could see a gnoll.

Vanquished Creatures
  A gnoll (D:1)
  An adder (D:2)
  A worm (D:1)
  2 dart slugs (D:1)
  7 bats
  4 endoplasms
  A giant cockroach (D:2)
  4 goblins (D:1)
  4 hobgoblins
  2 jackals (D:2)
  2 quokkas
  3 ball pythons
  A frilled lizard (D:2)
  A kobold (D:2)
  3 rats
37 creatures vanquished.

Vanquished Creatures (others)
  A fungus (D:1)
  4 plants (D:1)
5 creatures vanquished.

Grand Total: 42 creatures vanquished

Notes
Turn   | Place    | Note
-------+----------+-------------------------------------------
     0 | D:1      | jlumianski the Gargoyle Monk began the quest for the Orb.
     0 | D:1      | Reached XP level 1. HP: 14/14 MP: 1/1
   171 | D:1      | Reached XP level 2. HP: 17/19 MP: 2/2
   696 | D:1      | Found a faded altar of an unknown god.
  1066 | D:1      | Reached XP level 3. HP: 24/24 MP: 3/3
  1536 | D:2      | Noticed Sigmund
  2373 | D:2      | Found Juneok's Book Boutique.
  2394 | D:2      | Learned a level 1 spell: Shock
  2510 | D:2      | HP: 1/24 [gnoll (4)]
  2688 | D:1      | Reached XP level 4. HP: 10/29 MP: 4/4
  2901 | D:1      | Slain by a gnoll

Illustrated notes

Levels and vault maps discovered:
D:1:      saegor_arrival_simple_c, layout_basic,
          shapermc_ecumenical_altar_ellora, serial_forest,
          infiniplex_forest_clump_C, infiniplex_forest_clump_diagonal,
          infiniplex_forest_lined_1, infiniplex_forest_lined_2,
          infiniplex_forest_straight_2
D:2:      minmay_door_path, layout_loops_corners, serial_shops, shop,
          minmay_misc_feat_ornament, minmay_pentomino_o4, uniq_sigmund
D:3:      layout_loops_ring, trog_butcher_becter, amcnicky_altar_gilded,
          uniq_ijyb

Skill      XL: |  1  2 |
---------------+-------+-----
Axes           | 3 |  3.5
Fighting       | |  3.8
Armour         | |  0.8
Dodging        | |  2.7
Stealth        | |  2.5
Air Magic      | |  0.3

Action                   |  1- 3 |  4- 6 || total
-------------------------+-------+-------++-------
Melee: Hand axe          |   154 |     4 ||   158
Throw: Javelin           |     5 |       ||     5
 Stab: Sleeping          |     8 |       ||     8
Armor: Robe              |    14 |       ||    14
       Leather armour    |    53 |       ||    53
Dodge: Dodged            |   127 |     2 ||   129
